 Dungeon Crawl Stone Soup version 0.19-a0-1065-gdac414d (webtiles) character file.

23 Musica the Sneak (level 2, -6/13 HPs)
             Began as a Spriggan Enchanter on Aug 4, 2016.
             Mangled by a hobgoblin
             ... wielding a +0 club
              (7 damage)
             ... on level 1 of the Dungeon.
             The game lasted 00:02:33 (766 turns).

Musica the Sneak (Spriggan Enchanter)                Turns: 766, Time: 00:02:34

Health: -6/13      AC:  3    Str:  4    XL:     2   Next: 72%
Magic:  6/6        EV: 18    Int: 16    God:
Gold:   25         SH:  0    Dex: 16    Spells: 1 memorised, 5 levels left

rFire  . . .     SeeInvis +     a - +1 dagger
rCold  . . .     Gourm    .     b - +1 robe
rNeg   . . .     Faith    .     (shield restricted)
rPois  .         Spirit   .     (helmet restricted)
rElec  .         Dismiss  .     (no cloak)
rCorr  .         Reflect  .     (gloves unavailable)
SustAt .         Harm     .     (boots unavailable)
MR     .....                    (no amulet)
Stlth  +++.......               (no ring)
                                (no ring)

@: very quick
A: unfitting armour, see invisible, herbivore 3, speed 3, slow metabolism 2
a: no special abilities


You were on level 1 of the Dungeon.
You were not hungry.

You visited 1 branch of the dungeon, and saw 2 of its levels.

You collected 25 gold pieces.

Inventory:

Hand Weapons
 a - a +1 dagger (weapon)
Armour
 b - a +1 robe (worn)
Scrolls
 g - a scroll of teleportation {unknown}
Potions
 e - 3 potions of heal wounds {unknown}
 f - 2 potions of curing {unknown}
 h - a potion of beneficial mutation {unknown}
Books
 c - a book of Maledictions

   Spells                             Type                      Level
   a - Corona                         Hexes                        1
   b - Ensorcelled Hibernation        Hexes/Ice                    2
   c - Confuse                        Hexes                        3
   d - Tukima's Dance                 Hexes                        3
   e - Dazzling Spray                 Conjuration/Hexes            3
Comestibles
 d - 2 bread rations


   Skills:
 + Level 1.2 Short Blades
 - Level 3.0 Dodging
 + Level 5.3 Stealth
 + Level 2.8 Spellcasting
 + Level 4.2 Hexes


You had 5 spell levels left.
You knew the following spells:

 Your Spells              Type           Power        Failure   Level  Hunger
a - Corona                Hex            ###....      4%          1    #......


Dungeon Overview and Level Annotations

Branches:
Dungeon (2/15)

Altars:


Innate Abilities, Weirdness & Mutations

You are tiny and cannot use many weapons and most armour.
You have supernaturally acute eyesight. (SInv)
You are a herbivore.
You cover ground extremely quickly.
You need consume almost no food.


Message History

You hit the hobgoblin.
The hobgoblin is heavily wounded.
The hobgoblin closely misses you.
You barely miss the hobgoblin.
The hobgoblin is heavily wounded.
The hobgoblin hits you with a club.
* * * LOW HITPOINT WARNING * * *
You are too injured to fight recklessly!
You hit the hobgoblin.
The hobgoblin is almost dead.
The hobgoblin hits you with a club.
* * * LOW HITPOINT WARNING * * *
You hit the hobgoblin but do no damage.
The hobgoblin is almost dead.
The hobgoblin closely misses you.
You hit the hobgoblin but do no damage.
The hobgoblin is almost dead.
The hobgoblin hits you with a club!
Ouch! That really hurt!
You die...

......# ................. ......#
#.......(.....## ...####
####..###..##...... .....#
#.................. ####.#######
####..#.#.#####....
...........#######....#..####...(
................................>
####.#.####.######...............
####.#.# #.# #.@gl...#.........#
.....#.# #.# #.###..............
#...##.## #.###.##.......###.....
#.......###..##.##..............#
#.......##...(...#......l...g.l..
#.......##.#.##..........r.#.#r..
#.......##.#..##.#.#.......#.#..#
.......###.##.##.#.#............?
###†##.# #.##..#...........#.....


You could see a hobgoblin and a giant newt.

Vanquished Creatures
  A dart slug (D:1)
  A giant cockroach (D:1)
  2 goblins (D:1)
  2 hobgoblins (D:1)
  4 jackals (D:1)
  4 kobolds (D:1)
  A ball python (D:1)
  A giant newt (D:1)
  4 rats (D:1)
20 creatures vanquished.

Notes
Turn   | Place    | Note
-------+----------+-------------------------------------------
     0 | D:1      | Musica the Spriggan Enchanter began the quest for the Orb.
     0 | D:1      | Reached XP level 1. HP: 9/9 MP: 5/5
    94 | D:1      | Reached XP level 2. HP: 10/13 MP: 6/6
   330 | D:1      | Reached skill level 5 in Stealth
   766 | D:1      | Mangled by a hobgoblin

Vault maps used:
D:1:      minmay_arrival_four_houses
D:2:      overflow_temple_1_default, lemuel_crystal_altar, first_bread

Skill      XL: |  1  2 |
---------------+-------+-----
Hexes          | 4 |  4.2
Stealth        | 5 |  5.3
Short Blades   | |  1.2
Dodging        | |  3.0
Spellcasting   | |  2.8

Action                   || total
-------------------------++-------
Melee: Dagger            ||   128
 Stab: Sleeping          ||     3
Armor: Robe              ||    12
Dodge: Dodged            ||   105
